AoeStats
← Shinrinyoku1

Highland

506554324Analyzed
4v4 RM · 19d ago on Sep 14, 2026· 41m 43s· 8 players
Game mode
Random Map
Map size
Large (8 player)
Population
200
Speed
Normal
Resources
Standard
Victory
Conquest
Starting age
Dark Age
Ending age
Imperial Age
RankedLock teamsTeams togetherTeam positionsShared explorationLock speedFull tech treeHidden civsTurbo modeCheats
Victory
Defeat
🇲🇽 Ethiopians · Mexico
971
+17
🇲🇽 Byzantines · Mexico
948
+18
🇲🇽 Aztecs · Mexico
941
+18
🇲🇽 Huns · Mexico
913
+19
🇳🇿 Romans · New Zealand
1003
-19
🇦🇷 Wu · Argentina
1001
-18
🇺🇸 Celts · United States
975
-18
🇺🇸 Magyars · United States
972
-17
Shinrinyoku1
5:18 Loom
10:51 Feudal Age
22:35 Horse Collar
22:51 Double-Bit Axe
29:25 Castle Age
30:23 Bow Saw
31:39 Heavy Plow
31:34 Town Watch
33:20 Stone Mining
37:34 Fletching
39:36 Wheelbarrow
40:59 Bodkin Arrow
mehdiplagie
0:27 Loom
11:57 Feudal Age
17:31 Castle Age
15:46 Double-Bit Axe
15:46 Horse Collar
17:48 Gold Mining
19:11 Bow Saw
20:19 Husbandry
21:13 Wheelbarrow
24:49 Hand Cart
27:51 Scale Barding Armor
29:50 Forging
29:40 Scale Mail Armor
30:01 Chain Barding Armor
29:41 Padded Archer Armor
29:31 Fletching
33:01 Imperial Age
32:14 Murder Holes
32:32 Masonry
32:35 Stone Mining
33:09 Chain Mail Armor
33:20 Bodkin Arrow
34:01 Gambesons
33:37 Pikeman
34:02 Arson
34:01 Cavalier
35:00 Heavy Plow
35:37 Conscription
35:11 Stronghold
36:43 Leather Archer Armor
36:59 Plate Mail Armor
36:44 Halberdier
37:01 Elite Skirmisher
39:56 Ring Archer Armor
40:02 Iron Casting
39:42 Furor Celtica
41:39 Caravan
42:09 Coinage
41:50 Guilds
scrawnny12
9:28 Loom
11:14 Feudal Age
12:42 Double-Bit Axe
15:24 Castle Age
15:40 Horse Collar
15:58 Man-at-Arms
17:31 Scale Mail Armor
21:50 Heavy Plow
25:06 Gold Mining
26:54 Wheelbarrow
28:13 Fletching
27:56 Long Swordsman
29:09 Bodkin Arrow
29:07 Pikeman
30:06 Chain Mail Armor
31:45 Hand Cart
34:10 Imperial Age
33:48 Squires
36:53 Town Watch
38:15 Halberdier
38:53 Heavy Scorpion
40:48 Ballistics
41:28 Chemistry
40:35 Siege Engineers
LeandroPaul79
0:49 Loom
11:28 Feudal Age
12:11 Double-Bit Axe
12:07 Horse Collar
19:17 Castle Age
18:38 Wheelbarrow
18:26 Gold Mining
18:27 Stone Mining
20:27 Bow Saw
20:24 Heavy Plow
21:36 Gold Shaft Mining
21:53 Stone Shaft Mining
25:22 Hand Cart
28:12 Fishing Lines
29:03 Gillnets
34:01 Imperial Age
31:18 Town Watch
31:58 Treadmill Crane
35:15 Murder Holes
35:32 Masonry
35:14 Heated Shot
40:20 Town Patrol
MgShot
8:06 Loom
11:37 Feudal Age
13:39 Double-Bit Axe
22:40 Castle Age
20:57 Scale Barding Armor
23:43 Crossbowman
24:29 Thumb Ring
24:56 Husbandry
27:25 Squires
27:11 Arson
27:19 Horse Collar
27:34 Man-at-Arms
29:34 Bow Saw
29:44 Long Swordsman
32:24 Chain Barding Armor
31:57 Fletching
33:09 Gold Mining
33:12 Stone Mining
41:46 Imperial Age
39:56 Wheelbarrow
39:24 Bodkin Arrow
Escopeta V
1:19 Loom
12:57 Feudal Age
14:18 Wheelbarrow
13:55 Double-Bit Axe
19:30 Gold Mining
19:46 Arson
21:57 Bloodlines
22:04 Man-at-Arms
23:19 Horse Collar
27:09 Castle Age
27:14 Forging
26:54 Fletching
27:34 Stone Mining
28:06 Bow Saw
28:18 Light Cavalry
28:59 Husbandry
28:23 Pikeman
30:02 Squires
31:56 Thumb Ring
37:48 Hand Cart
39:33 Marauders
ZEKTARSTEK
7:54 Loom
9:40 Feudal Age
10:48 Double-Bit Axe
24:09 Castle Age
26:23 Husbandry
27:51 Bow Saw
29:12 Scale Barding Armor
29:18 Forging
36:29 Imperial Age
37:27 Wheelbarrow
39:52 Hand Cart
40:42 Gold Mining
40:43 Stone Mining
YIBI
0:27 Loom
12:15 Feudal Age
12:41 Double-Bit Axe
13:49 Wheelbarrow
13:04 Horse Collar
14:11 Forging
14:01 Scale Mail Armor
16:17 Gold Mining
16:48 Fletching
24:00 Castle Age
25:30 Chain Mail Armor
25:30 Squires
25:48 Eagle Warrior
26:19 Pikeman
27:08 Arson
28:57 Iron Casting
31:20 Bow Saw
32:13 Heavy Plow
35:26 Hand Cart
39:33 Imperial Age
39:39 Stone Mining
40:40 Conscription
Connection lost

Rejoining the realm…

Still unreachable

The connection could not be restored.

Session expired

The server has moved on; the page needs a fresh start.